 Dungeon Crawl Stone Soup version 0.21.1-1-g345015f (webtiles) character file.

415 lorenzova the Magician (level 6, -4/32 HPs)
             Began as a Deep Elf Conjurer on July 24, 2018.
             Killed from afar by an orc wizard (10 damage)
             ... with a magic dart
             ... on level 4 of the Dungeon.
             The game lasted 00:08:08 (3998 turns).

lorenzova the Magician (Deep Elf Conjurer)          Turns: 3998, Time: 00:08:10

Health: -4/32      AC:  2    Str:  5    XL:     6   Next: 60%
Magic:  1/17       EV: 13    Int: 22    God:
Gold:   165        SH:  0    Dex: 15    Spells: 7/18 levels left

rFire    . . .     SeeInvis .   h - +0 dagger
rCold    . . .     Gourm    .   (no shield)
rNeg     . . .     Faith    .   a - +0 robe
rPois    .         Spirit   .   (no helmet)
rElec    .         Reflect  .   (no cloak)
rCorr    .         Harm     .   (no gloves)
MR       .....                  (no boots)
Stlth    ++........             (no amulet)
HPRegen  0.10/turn              j - ring of flight
MPRegen  0.15/turn              (no ring)

@: slowed, very slow
A: no striking features
a: Evoke Flight


You were on level 4 of the Dungeon.
You were not hungry.

You visited 1 branch of the dungeon, and saw 4 of its levels.

You collected 165 gold pieces.

Inventory:

Hand Weapons
 h - a +0 dagger (weapon)
Armour
 a - a +0 robe (worn)
Jewellery
 j - a ring of flight (left hand)
Wands
 m - a wand of flame (48)
 s - a wand of scattershot (7)
Scrolls
 i - a scroll of identify {unknown}
 l - a scroll of magic mapping {unknown}
 n - a scroll of blinking {unknown}
 o - a scroll of teleportation {unknown}
 p - a scroll of amnesia {unknown}
 t - 2 scrolls of remove curse {unknown}
Potions
 d - 2 potions of heal wounds {unknown}
 e - 2 potions of might {unknown}
 f - a potion of curing {unknown}
 g - a potion of brilliance {unknown}
 k - a potion of cancellation {unknown}
 q - 2 potions of berserk rage {unknown}
Books
 b - a book of Conjurations

   Spells                             Type                      Level
   a - Magic Dart                     Conjuration                  1
   b - Searing Ray                    Conjuration                  2
   c - Dazzling Spray                 Conjuration/Hexes            3
   d - Fulminant Prism                Conjuration/Hexes            4
   e - Force Lance                    Conjuration/Translocation    4
   f - Iskenderun's Mystic Blast      Conjuration                  4
Comestibles
 c - 5 rations
 r - 2 chunks of flesh


   Skills:
 - Level 2.4 Dodging
 - Level 2.4 Stealth
 * Level 6.9 Spellcasting
 * Level 6.8 Conjurations
 + Level 1.4 Hexes


You had 7 spell levels left.
You knew the following spells:

 Your Spells              Type           Power        Failure   Level  Hunger
a - Magic Dart            Conj           ####         1%          1    None
b - Searing Ray           Conj           #####.       1%          2    None
c - Iskenderun's Mystic   Conj           #####...     4%          4    ###....
d - Fulminant Prism       Conj/Hex       ####......   16%         4    ###....


Dungeon Overview and Level Annotations

Branches:
Dungeon (4/15)
 Temple: D:4-7

Altars:
Cheibriados
Elyvilon
Ru
Trog
Xom

Annotations:
D:3 VersusAllOdds's ghost, amateur GrFi


Message History

Aim: an orc wizard, wielding a dagger and wearing a robe (severely wounded)
The magic dart hits the orc wizard.
The orc wizard is almost dead.
The orc wizard hits you with a dagger.
* * * LOW HITPOINT WARNING * * *
You hit the orc wizard but do no damage.
The orc wizard is severely wounded.
The orc wizard closely misses you.
The orc wizard hits you but does no damage.
You hit the orc wizard but do no damage.
The orc wizard is severely wounded.
The orc wizard barely misses you.
You barely miss the orc wizard.
The orc wizard is severely wounded.
You hear the rapid hiss of a distant avalanche of sand.
The orc wizard mumbles some strange words.
The orc wizard seems to speed up.
The orc wizard casts a spell at you. The magic dart hits you!
You die...

...#.# #.# ##.#...#..(#
l...#.# #.###.#....#...#
#.....#.##.##.#.....#...#
#....%.#.#.#.#......##.##
#.......#.#.#.......##.#
#........#.#........##.#
.........#..)......##.#
##......#.........##†#
#.#.....#...8@.....#.#
##.....###8..o8..#.#.#
#.#.....#........#...#
###.....#).......##..#
#.?o..#[#.......##..#
+...........(.....##.#
##.....#.#..........>#
##.....#........#.###
#.....#........#.#


You could see an orc wizard.

Vanquished Creatures
  An orc wizard (D:4)
  A hound (D:4)
  An orc priest (D:4)
  Ijyb (D:4)
  Natasha (thrice) (D:2)
  3 worker ants (D:4)
  3 gnolls (D:2)
  6 adders
  2 worms (D:2)
  2 dart slugs (D:1)
  A leopard gecko (D:3)
  An orc (D:4)
  A ball python (D:4)
  4 giant cockroaches
  7 goblins
  7 hobgoblins
  5 jackals (D:3)
  A quokka (D:2)
  9 bats
  4 frilled lizards
  3 kobolds
  7 rats
73 creatures vanquished.

Notes
Turn   | Place    | Note
-------+----------+-------------------------------------------
     0 | D:1      | lorenzova the Deep Elf Conjurer began the quest for the Orb.
     0 | D:1      | Reached XP level 1. HP: 10/10 MP: 6/6
   235 | D:1      | Reached XP level 2. HP: 15/15 MP: 4/8
   283 | D:1      | Learned a level 2 spell: Searing Ray
   839 | D:2      | Reached skill level 5 in Conjurations
   839 | D:2      | Reached XP level 3. HP: 19/19 MP: 0/10
  1067 | D:2      | Noticed Natasha
  1071 | D:2      | Killed Natasha
  1396 | D:2      | Reached XP level 4. HP: 24/24 MP: 8/12
  1513 | D:2      | Reached skill level 5 in Spellcasting
  1567 | D:2      | Found a snail-covered altar of Cheibriados.
  1575 | D:2      | Found a white marble altar of Elyvilon.
  1575 | D:2      | Found a shimmering altar of Xom.
  1639 | D:2      | Found a bloodstained altar of Trog.
  1719 | D:2      | Noticed Natasha
  1726 | D:2      | Killed Natasha
  1854 | D:2      | Learned a level 4 spell: Iskenderun's Mystic Blast
  1969 | D:2      | Reached XP level 5. HP: 28/28 MP: 9/14
  2088 | D:2      | Noticed Natasha
  2091 | D:2      | Killed Natasha
  2202 | D:2      | Found a sacrificial altar of Ru.
  2614 | D:3      | Noticed VersusAllOdds's ghost (amateur GrFi)
  3599 | D:4      | Reached XP level 6. HP: 16/32 MP: 13/17
  3605 | D:4      | Learned a level 4 spell: Fulminant Prism
  3820 | D:4      | Noticed Ijyb
  3826 | D:4      | Killed Ijyb
  3915 | D:4      | Reached skill level 1 in Hexes
  3998 | D:4      | Killed from afar by an orc wizard

Skill      XL: |  1  2  3  4  5  6 |
---------------+-------------------+-----
Spellcasting   | 4 5 6 |  6.9
Conjurations   | 5 6 |  6.8
Hexes          | 1 |  1.4
Dodging        | |  2.4
Stealth        | |  2.4

Action                   |  1- 3 |  4- 6 || total
-------------------------+-------+-------++-------
Melee: Dagger            |     4 |    10 ||    14
 Cast: Magic Dart        |    56 |    75 ||   131
       Searing Ray       |     2 |    14 ||    16
       Iskenderun's Myst |       |     1 ||     1
 Stab: Sleeping          |       |     2 ||     2
  Eat: Chunk             |     1 |     8 ||     9
Armor: Robe              |       |     5 ||     5
Dodge: Dodged            |     2 |    22 ||    24
